 Dungeon Crawl Stone Soup version 0.31-a0-819-gf6de2f5ab6 (webtiles) character file.

Game seed: 6387603017504691197

1302 Leeroy the Mimic (level 8, -3/59 HPs)
             Began as a Green Draconian Shapeshifter on Sept 23, 2023.
             Slain by Edmund
             ... wielding a +3 heavy flail
              (20 damage)
             ... on level 5 of the Dungeon.
             The game lasted 00:06:54 (3804 turns).

Leeroy the Mimic (Green Draconian Shapeshifter)     Turns: 3804, Time: 00:06:55

Health: -3/59      AC:  6    Str: 19    XL:     8   Next: 31%
Magic:  8/8        EV: 12    Int: 10    God:
Gold:   182        SH:  0    Dex: 11    Spells: 7/7 levels left

rFire   . .          .
                       - Unarmed
rCold   . . .        (shield currently unavailable)
rNeg    . . .        (body armour unavailable)
rPois   +            (helmet restricted)
rElec   .            (no cloak)
rCorr   .            (no gloves)
SInv    .            (no boots)
Will    .....        (no amulet)
Stlth   +            (no ring)
HPRegen 0.29/turn    (no ring)
MPRegen 0.11/turn

%: no passive effects
@: flux-form, glowing
A: glow, contaminating, breathe noxious fumes, AC +6, unfitting armour, poison
resistance, cold-blooded
a: Breathe Noxious Fumes, Begin Untransformation


You were on level 5 of the Dungeon.
You were something dangerously unstable.
You visited 2 branches of the dungeon, and saw 6 of its levels.

You collected 182 gold pieces.

Inventory:

Missiles
 d - 11 poisoned darts
Talismans
 b - a beast talisman
 c - a flux talisman (active)
Scrolls
 a - a scroll of vulnerability {unknown}
 e - 3 scrolls of identify {unknown}
 f - 2 scrolls of teleportation {unknown}
 g - 2 scrolls of fog {unknown}
 i - a scroll of enchant weapon {unknown}
 j - a scroll of enchant armour {unknown}
 k - 2 scrolls of immolation {unknown}
 o - a scroll of noise {unknown}
Potions
 h - a potion of heal wounds {unknown}
 l - 3 potions of curing
 m - a potion of haste {unknown}
 n - a potion of brilliance {unknown}


   Skills:
 - Level 1.1 Fighting
 - Level 1.7 Dodging
 - Level 5.2 Unarmed Combat
 + Level 9.0 Shapeshifting


You had 7 spell levels left.
You didn't know any spells.
Your spell library contained the following spells:

 Spells                   Type           Power      Damage    Failure   Level
 Slow                     Hex            0%         N/A       36%         1
 Confusing Touch          Hex            0%         N/A       75%         3
 Ignite Poison            Fire/Tmut/Pois 0%         N/A       75%         3
 Sigil of Binding         Hex            0%         N/A       75%         3
 Vampiric Draining        Necr           0%         2d6       75%         3
 Sticky Flame             Conj/Fire      0%         2d3       98%         4
 Ignition                 Fire           0%         3d3       100%        8


Dungeon Overview and Level Annotations

Branches:
Dungeon (5/15)             Temple (1/1) D:5

Altars:
Ashenzari
Cheibriados
Dithmenos
Fedhas
Gozag
Makhleb
Nemelex Xobeh
Qazlal
Ru
Sif Muna
Vehumet
Xom
Yredelemnul
Zin
The Shining One

Annotations:
D:5 Edmund


Innate Abilities, Weirdness & Mutations

You are something dangerously unstable.
You glow with magical radiation, making you easy to see and hit.
Foes you strike become dangerously contaminated with magical radiation.
You are incapable of wielding weapons or throwing items.
You can breathe blasts of noxious fumes.
Your lurid green scales are hard. (AC +6)
You cannot fit into any form of body armour.
Your system is resistant to poisons. (rPois)
You are cold-blooded and may be slowed by cold attacks.


Message History

The orc barely misses you.
You hit the orc.
You kill the orc!
No target in view!
No target in view!
No target in view!
You pick up a book of Debilitation and begin reading...
You add the spells Slow, Sigil of Binding, Vampiric Draining and Confusing Touch to your library.
Found 9 gold pieces.
A scorpion comes into view.
Edmund the Younger comes into view.
He is wielding a +3 heavy flail.
Edmund shouts!
You closely miss the scorpion. The scorpion closely misses you.
An iguana comes into view.
You closely miss the scorpion.
The iguana hisses angrily.
Your tail-slap misses the scorpion.
The scorpion stings you.
You hit the scorpion.
The scorpion begins to glow.
You tail-slap the scorpion.
The scorpion is lightly wounded.
The scorpion stings you.
You hit the scorpion.
The scorpion glows dangerously bright.
The scorpion is moderately wounded.
The scorpion misses you.
You barely miss the scorpion.
You tail-slap the scorpion, but do no damage.
The scorpion is moderately wounded.
The scorpion stings you but does no damage.
You hit the scorpion.
The scorpion shudders as magic cascades through it!
You kill the scorpion!
Your Shapeshifting skill increases to level 9!
You hit Edmund but do no damage.
Edmund begins to glow.
The iguana barely misses you. Edmund hits you with a +3 heavy flail!
You hit Edmund.
Edmund glows dangerously bright.
Your tail-slap misses Edmund.
Edmund is lightly wounded.
The iguana bites you!
* * * LOW HITPOINT WARNING * * *
Edmund hits you with a +3 heavy flail!!
You die...
Edmund whines, "They better pay attention to me now!"

........)..........## #
....
#####....<##......$..
.....
#####..#####.......
..... .......## #......
..... ......).####.#.###
..... .................#
###.. ........#.##.#...#
#.. ....###.#.##.#...#
##. #.......#.##.#..p#
#....
................l@......
.....
........###.....##......
#.## ..........#......
...... #
...#....###.....# .....
..........##....# .....
...#..######..... ####
...#..... #..##
...##.##...


You could see Edmund (heavy contam) and an iguana.

Vanquished Creatures
  Pikel (D:5)
  Eustachio (D:4)
  A scorpion (D:5)
  A jelly (D:4)
  2 hounds
  2 orc priests
  2 iguanas
  Terence (D:2)
  9 orc wizards
  7 adders
  An ufetubus (D:5)
  2 worms
  A dart slug (D:5)
  18 orcs
  9 endoplasms
  5 giant cockroaches
  8 goblins
  6 hobgoblins
  8 kobolds
  A quokka (D:5)
  8 ball pythons
  7 bats
  3 frilled lizards
  4 rats (D:1)
108 creatures vanquished.

Notes
Turn   | Place    | Note
-------+----------+-------------------------------------------
     0 | D:1      | Leeroy the Draconian Shapeshifter began the quest for the
                  | Orb.
     0 | D:1      | Reached XP level 1. HP: 16/16 MP: 1/1
    90 | D:1      | Reached XP level 2. HP: 19/23 MP: 2/2
   297 | D:1      | Found a faded altar of an unknown god.
   679 | D:2      | Reached XP level 3. HP: 22/28 MP: 3/3
  1020 | D:2      | Found a shimmering altar of Xom.
  1109 | D:2      | Noticed Terence
  1121 | D:2      | Killed Terence
  1122 | D:2      | Reached skill level 5 in Unarmed Combat
  1122 | D:2      | Reached XP level 4. HP: 19/35 MP: 4/4
  1562 | D:3      | Reached XP level 5. HP: 16/40 MP: 5/5
  1580 | D:3      | Reached skill level 4 in Shapeshifting
  2639 | D:4      | Reached skill level 5 in Shapeshifting
  2639 | D:4      | Reached XP level 6. HP: 18/47 MP: 6/6
  3012 | D:4      | Noticed Eustachio
  3058 | D:4      | Killed Eustachio
  3059 | D:4      | Reached skill level 6 in Shapeshifting
  3059 | D:4      | Your scales start taking on a lurid green colour.
  3059 | D:4      | Reached XP level 7. HP: 20/52 MP: 7/7
  3059 | D:4      | Gained mutation: Your system is resistant to poisons.
                  | (rPois) [Green Draconian growth]
  3305 | D:4      | Identified the +0 ring mail "Eshruhuk" {+Blink}
  3440 | D:5      | Entered Level 5 of the Dungeon
  3510 | D:5      | Found a staircase to the Ecumenical Temple.
  3522 | Temple   | Entered the Ecumenical Temple
  3634 | D:5      | Reached skill level 7 in Shapeshifting
  3638 | D:5      | Noticed Pikel
  3652 | D:5      | Killed Pikel
  3653 | D:5      | Reached skill level 8 in Shapeshifting
  3653 | D:5      | Reached XP level 8. HP: 31/59 MP: 8/8
  3795 | D:5      | Noticed Edmund
  3803 | D:5      | Reached skill level 9 in Shapeshifting
  3804 | D:5      | Slain by Edmund

Illustrated notes

Levels and vault maps discovered:
D:1:      lightli_arrival_statue_moat, layout_rooms,
          shapermc_ecumenical_altar_totnotflames, serial_park_tiny_pond,
          minmay_crystal_room
D:2:      layout_basic, basic_altar, item_on_display_a, uniq_terence
D:3:      layout_loops_cross
D:4:      layout_basic, nicolae_houndstooth_variations, uniq_eustachio
D:5:      layout_basic, minmay_temple_entry_wispy, portal_sewer_entry_e,
          uniq_edmund, uniq_pikel
Temple:   eino_temple_water

Skill      XL: |  1  2  3  4  5  6  7  8 |
---------------+-------------------------+-----
Unarmed Combat | 4 5 |  5.2
Shapeshifting  | 5 6 8 9 |  9.0
Fighting       | |  1.1
Dodging        | |  1.7

Action                     |  1- 3 |  4- 6 |  7- 9 || total
---------------------------+-------+-------+-------++-------
  Melee: Unarmed           |   112 |   178 |    90 ||   380
         Tailslap          |     8 |    23 |    15 ||    46
         Punch             |     2 |     5 |       ||     7
Ability: Breathe Noxious F |       |       |     1 ||     1
    Use: Potion            |       |       |     2 ||     2
   Stab: Sleeping          |     2 |       |       ||     2
 Armour: Skin              |    50 |    86 |   102 ||   238
  Dodge: Dodged            |    68 |    92 |    57 ||   217
   Form: Flux              |       |     1 |       ||     1

Table legend: (Time is in decaauts)
 A = Elapsed time spent in this place.
 B = Non-inter-level travel time spent in this place.
 C = Inter-level travel time spent in this place.
 D = Time resting spent in this place.
 E = Time spent auto-exploring this place.
 F = Levels seen in this place.
 G = Mean time per level.
                   A        B        C        D        E       F      G
               +--------+--------+--------+--------+--------+-----+--------+
         Total |   3779 |   3651 |    128 |    487 |   2371 |   6 |  629.8 |
       Dungeon |   3738 |   3647 |     91 |    487 |   2371 |   5 |  747.6 |
        Temple |     41 |      4 |     37 |      0 |      0 |   1 |   41.0 |
               +--------+--------+--------+--------+--------+-----+--------+

Top non-repeatable levels by time:
     D:3: 1158 daAuts
     D:4: 857 daAuts
     D:2: 766 daAuts
     D:1: 642 daAuts
     D:5: 313 daAuts
  Temple: 41 daAuts
